cohdb
Replays
Latest Replays
All Replays
Popular Replays
Top Player Replays
Match Explorer
How It Works
Community
CoH3 Stats
Reddit
Sign in to upload your games and track your stats! →
Sign in with Steam
Match 43051257
Unlisted
Match 43051257
Overview
Messages
Build Orders
End
Selects Luftwaffe Battlegroup
Selects Luftwaffe Pioneer Support
Fallschirmpioneer Squad Paradrop
Construct Infanterie Kompanie
Grenadier Squad
Fallschirmpioneer Squad Paradrop
Grenadier Squad
Medical Bunker
Construct Panzergrenadier Kompanie
Selects Stuka Strafing Run
Pioneer Squad
Redundant.S
matrix4x4
0
0
Comments
sign in to comment!
No comments posted yet!